 Dungeon Crawl Stone Soup version 0.29-a0-82-g837932c90e (webtiles) character file.

Game seed: 4465570591904986472

57 lordive the Grasshopper (level 3, 0/30 HPs)
             Began as a Draconian Warper on Feb 4, 2022.
             Slain by a quokka (3 damage)
             ... on level 2 of the Dungeon.
             The game lasted 00:01:59 (2265 turns).

lordive the Grasshopper (Draconian Warper)          Turns: 2265, Time: 00:02:00

Health: 0/30       AC:  5    Str: 13    XL:     3   Next: 73%
Magic:  6/6        EV: 12    Int: 15    God:
Gold:   44         SH:  4    Dex: 10    Spells: 1/6 levels left

rFire   . . .      SeeInvis .   a - +0 falchion
rCold   . . .      Faith    .   (no shield)
rNeg    . . .      Spirit   .   (armour unavailable)
rPois   .          Reflect  .   (helmet restricted)
rElec   .          Harm     .   (no cloak)
rCorr   .          Rampage  .   (no gloves)
Will    .....      Rage     1%  (no boots)
Stlth   +.........              (no amulet)
HPRegen 0.10/turn               (no ring)
MPRegen 0.10/turn               (no ring)

@: flying, hasted, very quick
A: AC +5, unfitting armour, cold-blooded, big wings, large bone plates 1,
berserk 1, sense surroundings 1
a: no special abilities


You were on level 2 of the Dungeon.
You visited 1 branch of the dungeon, and saw 3 of its levels.

You collected 44 gold pieces.

Inventory:

Hand Weapons
 a - a +0 falchion (weapon)
Missiles
 c - 5 boomerangs of dispersal (quivered)
Jewellery
 i - a +4 ring of protection
Scrolls
 b - a scroll of blinking
 e - a scroll of summoning {unknown}
 f - a scroll of enchant weapon {unknown}
 j - a scroll of identify {unknown}
Potions
 h - a potion of might {unknown}
 k - a potion of lignification {unknown}


   Skills:
 + Level 2.4 Fighting
 + Level 2.9 Long Blades
 - Level 1.0 Throwing
 + Level 2.3 Dodging
 + Level 2.1 Spellcasting
 * Level 3.7 Translocations


You had one spell level left.
You knew the following spells:

 Your Spells              Type           Power      Damage    Failure   Level
a - Blink                 Tloc           24%        N/A       7%          2
b - Teleport Other        Tloc           12%        N/A       14%         3

Your spell library contained the following spells:

 Spells                   Type           Power      Damage    Failure   Level
 Gell's Gravitas          Tloc           12%        N/A       14%         3
 Lesser Beckoning         Tloc           12%        N/A       14%         3
 Manifold Assault         Tloc           12%        N/A       78%         5
 Borgnjor's Revivificati  Necr           0%         N/A       100%        8
 Necromutation            Tmut/Necr      0%         N/A       100%        8
 Death's Door             Necr           0%         N/A       100%        9


Dungeon Overview and Level Annotations

Branches:
Dungeon (3/15)

Altars:

Shops:
D:1 [


Innate Abilities, Weirdness & Mutations

Your plain brown scales are hard. (AC +5)
You cannot fit into any form of body armour.
You are cold-blooded and may be slowed by cold attacks.
Your large and strong wings let you fly.
You are partially covered in large bone plates. (SH +4)
You tend to lose your temper in combat.
You passively map a small area around you.


Message History

You hit the orc.
The orc is lightly wounded.
A quokka comes into view.
The orc hits you with a +0 whip. The orc hits you with a +0 short sword.
The orc barely misses you. The orc hits you but does no damage.
The orc misses you.
You slash the orc!
You kill the orc!
The orc hits you but does no damage. The orc hits you with a +0 club.
The quokka bites you but does no damage.
The orc barely misses you. The orc closely misses you.
The orc hits you with a +0 hand axe.
You are too injured to fight recklessly!
You are too injured to fight recklessly!
Unknown command.
The quokka misses you. The orc closely misses you.
The orc hits you with a +0 club. The orc hits you but does no damage.
You climb upwards.
There is a stone staircase leading down here.
Unknown command.
You hit the quokka.
The quokka is moderately wounded.
The quokka bites you but does no damage.
The orc closely misses you. The orc hits you with a +0 club.
* * * LOW HITPOINT WARNING * * *
The orc hits you but does no damage. The quokka barely misses you.
The quokka bites you.
* * * LOW HITPOINT WARNING * * *
The orc hits you with a +0 club.
* * * LOW HITPOINT WARNING * * *
The quokka bites you.
* * * LOW HITPOINT WARNING * * *
It was a potion of mutation.
You feel extremely strange.
You feel a little pissed off.
You feel a strange attunement to the structure of the dungeons.
Your wings grow larger and stronger.
Large bone plates grow over parts of your arms.
The quokka completely misses you.
It was a potion of haste.
You feel yourself speed up. The quokka bites you.
You die...

#....# #.##.########
#.#.........#######
#.#..####..........
#.#.............###
###.###.###....##.#
#..........>...##.##
#.#.####.##.##.....#
#.#.@rooo..........#
#.#######.#.###....#
#..................#
#########.#)###....#
#.#..##....# ######
#.##.##....# #....#
#.##..####### #.##.#
#.#..........
#.##.######.#.#.##.....


You could see 3 orcs and a quokka.

Vanquished Creatures
  2 worms (D:2)
  3 dart slugs
  An orc (D:3)
  4 endoplasms (D:1)
  A giant cockroach (D:1)
  5 goblins
  6 hobgoblins
  5 kobolds
  A quokka (D:1)
  3 ball pythons
  4 bats
  2 frilled lizards
  2 rats (D:1)
39 creatures vanquished.

Notes
Turn   | Place    | Note
-------+----------+-------------------------------------------
     0 | D:1      | lordive the Draconian Warper began the quest for the Orb.
     0 | D:1      | Reached XP level 1. HP: 17/17 MP: 3/3
    76 | D:1      | Reached skill level 1 in Throwing
   140 | D:1      | Found Oquretul's Antique Armour Shoppe.
   179 | D:1      | Reached XP level 2. HP: 21/24 MP: 5/5
   670 | D:1      | Found a faded altar of an unknown god.
   820 | D:1      | Reached XP level 3. HP: 29/29 MP: 6/6
  1651 | D:2      | Learned a level 2 spell: Blink
  1655 | D:2      | Learned a level 3 spell: Teleport Other
  2264 | D:2      | Gained mutation: You tend to lose your temper in combat.
                  | [potion of mutation]
  2264 | D:2      | Gained mutation: You passively map a small area around you.
                  | [potion of mutation]
  2264 | D:2      | Gained mutation: Your large and strong wings let you fly.
                  | [potion of mutation]
  2264 | D:2      | Gained mutation: You are partially covered in large bone
                  | plates. (SH +4) [potion of mutation]
  2265 | D:2      | Slain by a quokka

Illustrated notes

Levels and vault maps discovered:
D:1:      heliophobic_arrival_enchanted_forest, layout_loops_ring, serial_shops,
          nicolae_square_shop, hellmonk_ecumenical_altar_blasted,
          grunt_decor_mini_mirrors, minivault_4
D:2:      layout_basic
D:3:      layout_rooms, nicolae_overflow_quartered_altars,
          mainiacjoe_overflow_surrounded_room, minmay_vboxes

Skill      XL: |  1 |
---------------+----+-----
Throwing       | 1 |  1.0
Fighting       | |  2.4
Long Blades    | |  2.9
Dodging        | |  2.3
Spellcasting   | |  2.1
Translocations | |  3.7

Action                   || total
-------------------------++-------
Melee: Falchion          ||   119
       Tailslap          ||    10
       Punch             ||     3
  Use: Potion            ||     2
 Stab: Sleeping          ||     2
       Distracted        ||     1
Armor: Skin              ||    40
Dodge: Dodged            ||    93

Table legend: (Time is in decaauts)
 A = Elapsed time spent in this place.
 B = Non-inter-level travel time spent in this place.
 C = Inter-level travel time spent in this place.
 D = Time resting spent in this place.
 E = Time spent auto-exploring this place.
 F = Levels seen in this place.
 G = Mean time per level.
                   A        B        C        D        E       F      G
               +--------+--------+--------+--------+--------+-----+--------+
         Total |   2288 |   2177 |    111 |      0 |   1872 |   3 |  762.7 |
       Dungeon |   2288 |   2177 |    111 |      0 |   1872 |   3 |  762.7 |
               +--------+--------+--------+--------+--------+-----+--------+

Top non-repeatable levels by time:
     D:2: 1228 daAuts
     D:1: 1050 daAuts
     D:3: 8 daAuts
